 Dungeon Crawl Stone Soup version 0.29.1-1-gd02db6906a (webtiles) character file.

Game seed: 17236746152901021211

3845 LustLizard the Grappler (level 9, -12/89 HPs)
             Began as a Troll Fighter on Sept 15, 2022.
             Killed from afar by an electric eel (14 damage)
             ... with a bolt of electricity
             ... on level 8 of the Dungeon.
             The game lasted 00:18:18 (7543 turns).

LustLizard the Grappler (Troll Fighter)             Turns: 7543, Time: 00:18:19

Health: -12/89     AC:  7    Str: 38    XL:     9   Next: 98%
Magic:  8/8        EV:  9    Int:  8    God:
Gold:   107        SH:  8    Dex:  9    Spells: 8/8 levels left

rFire   . . .      SeeInvis .     - Unarmed
rCold   . . .      Faith    .   b - +0 kite shield
rNeg    . . .      Spirit   .   e - +0 troll leather armour
rPois   .          Reflect  .   (helmet restricted)
rElec   .          Harm     .   y - +0 cloak
rCorr   .          Rampage  .   (gloves unavailable)
Will    .....                   (boots unavailable)
Stlth   +.........              f - amulet of regeneration
HPRegen 2.64/turn               q - +6 ring of strength
MPRegen 0.11/turn               v - +6 ring of strength

@: studying Hexes
A: large, unfitting armour, claws 3, regeneration 1, shaggy fur 1, tough skin 1
a: no special abilities


You were on level 8 of the Dungeon.
You visited 2 branches of the dungeon, and saw 9 of its levels.
You also visited: Sewer.

You collected 507 gold pieces.
You spent 400 gold pieces at shops.

Inventory:

Missiles
 g - 11 poisoned darts (quivered)
 l - 57 stones
 p - 6 boomerangs
 G - a silver boomerang
 K - 6 curare-tipped darts
 M - a throwing net
Armour
 a - a +0 robe
 b - a +0 kite shield (worn)
 e - a +0 troll leather armour (worn)
 y - a +0 cloak (worn)
Jewellery
 f - an amulet of regeneration (around neck)
 n - an amulet of guardian spirit
 q - a +6 ring of strength (left claw)
 v - a +6 ring of strength (right claw)
 A - a ring of ice
 L - a ring of fire
Wands
 u - a wand of acid (11)
Scrolls
 d - 2 scrolls of vulnerability {unknown}
 j - 2 scrolls of noise {unknown}
 m - a scroll of poison
 o - 4 scrolls of fear
 s - 2 scrolls of silence {unknown}
 t - 3 scrolls of enchant weapon {unknown}
 x - 4 scrolls of teleportation {unknown}
 z - a scroll of butterflies
 E - 2 scrolls of summoning
 F - 2 scrolls of blinking
 H - a scroll of enchant armour
 I - 2 scrolls of immolation
 J - a scroll of magic mapping
Potions
 c - 2 potions of might
 h - 2 potions of heal wounds
 i - 4 potions of curing
 k - 3 potions of brilliance
 r - 2 potions of attraction
 w - 3 potions of mutation
 B - 2 potions of haste
 D - a potion of cancellation
 N - a potion of flight
Miscellaneous
 C - a phantom mirror


   Skills:
 + Level 6.3 Fighting
 + Level 3.8 Dodging
 + Level 6.9 Shields
 * Level 10.1 Unarmed Combat


You had 8 spell levels left.
You didn't know any spells.
Your spell library contained the following spells:

 Spells                   Type           Power      Damage    Failure   Level
 Apportation              Tloc           0%         N/A       69%         1
 Magic Dart               Conj           0%         1d3       69%         1
 Necrotise                Necr           0%         1d4       69%         1
 Slow                     Hex            0%         N/A       69%         1
 Summon Small Mammal      Summ           0%         N/A       69%         1
 Blink                    Tloc           0%         N/A       83%         2
 Searing Ray              Conj           0%         2d4       83%         2
 Confusing Touch          Hex            0%         N/A       96%         3
 Tukima's Dance           Hex            0%         N/A       96%         3
 Vampiric Draining        Necr           0%         2d6       96%         3
 Fulminant Prism          Conj/Hex       0%         3d6       100%        4
 Passage of Golubria      Tloc           0%         N/A       100%        4
 Yara's Violent Unravell  Hex/Tmut       0%         3d3       100%        5


Dungeon Overview and Level Annotations

Branches:
Dungeon (8/15)             Temple (1/1) D:4            Lair (0/5) D:8
  Sewer (visited)

Altars:
Ashenzari
Cheibriados
Dithmenos
Elyvilon
Fedhas
Gozag
Hepliaklqana
Kikubaaqudgha
Makhleb
Nemelex Xobeh
Okawaru
Qazlal
Ru
Sif Muna
Trog
Uskayaw
Vehumet
Xom
Yredelemnul
Zin

Shops:
D:6 [   D:7 ?


Innate Abilities, Weirdness & Mutations

You are too large for most types of armour.
You have claws for hands.
Your natural rate of healing is unusually fast.
You are covered in fur. (AC +1)
You have tough skin. (AC +1)


Message History

Things that are here:
a +0 dagger; a wolf corpse You see here a troll corpse.
You open the door.
There is an open door here.
An electric eel comes into view.
Found a staircase to the Lair.
The electric eel shoots out a bolt of lightning at you!
The bolt of electricity hits you!
The electric eel shoots out a bolt of lightning at you!
The bolt of electricity hits you!
The electric eel shoots out a bolt of lightning at you!
The bolt of electricity hits you!
The electric eel shoots out a bolt of lightning at you!
The bolt of electricity hits you!
You hear a howl!
The electric eel shoots out a bolt of lightning at you!
The bolt of electricity hits you!
The electric eel shoots out a bolt of lightning at you!
The bolt of electricity hits the electric eel.
The electric eel completely resists.
The bolt of electricity hits you!
The electric eel shoots out a bolt of lightning at you!
The bolt of electricity hits the electric eel.
The electric eel completely resists.
The bolt of electricity hits you!
* * * LOW HITPOINT WARNING * * *
The electric eel shoots out a bolt of lightning at you!
The bolt of electricity hits you.
* * * LOW HITPOINT WARNING * * *
The electric eel shoots out a bolt of lightning at you!
The bolt of electricity hits you!
* * * LOW HITPOINT WARNING * * *
The electric eel shoots out a bolt of lightning at you!
The bolt of electricity hits the electric eel.
The electric eel completely resists.
The bolt of electricity misses you.
The electric eel shoots out a bolt of lightning at you!
The bolt of electricity misses you. The bolt of electricity hits you!
* * * LOW HITPOINT WARNING * * *
The electric eel shoots out a bolt of lightning at you!
The bolt of electricity hits you!
You die...

..~≈≈≈≈≈# #.#..#
>..~≈≈≈≈# #.#..#
..~~≈S≈S# #....#
.~.~≈≈≈S# ###.##
≈≈≈≈≈≈~~# #.#
≈≈≈≈~...# #####.#
≈S~≈~...# #.....#
~.~~≈≈..####.<.###
.....~..@.......#
......~.####...##
........# #..##
#.....### #.##
##...# #.# ##+#
#.# #.# #.# #.#


You could see 4 electric eels.

Vanquished Creatures
  2 trolls
  A wyvern (D:8)
  A steam dragon (D:7)
  5 water moccasins
  2 black bears
  An ogre (D:6)
  An orc warrior (D:6)
  2 wolves (D:8)
  2 centaurs
  A kobold brigand (D:7)
  3 scorpions
  A necrophage (D:5)
  3 gnoll sergeants
  4 killer bees (D:7)
  A howler monkey (D:5)
  3 jellies
  10 orc priests
  Crazy Yiuf (D:4)
  2 gnoll boudas (D:7)
  2 hounds
  An iguana (D:5)
  Jessica (D:3)
  Natasha (twice) (D:2)
  7 orc wizards
  11 gnolls
  6 adders
  3 river rats (D:6)
  A white imp (D:6)
  2 ufetubi
  2 worms
  6 dart slugs
  36 orcs
  12 bats
  14 endoplasms
  8 giant cockroaches
  16 goblins
  11 hobgoblins
  4 jackals (D:4)
  11 kobolds
  11 quokkas
  7 ball pythons
  3 frilled lizards (D:1)
  5 rats
228 creatures vanquished.

Notes
Turn   | Place    | Note
-------+----------+-------------------------------------------
     0 | D:1      | LustLizard the Troll Fighter began the quest for the Orb.
     0 | D:1      | Reached XP level 1. HP: 22/22 MP: 0/0
   104 | D:1      | Reached XP level 2. HP: 29/29 MP: 1/1
   752 | D:1      | Reached XP level 3. HP: 36/36 MP: 2/2
  1072 | D:2      | Noticed Natasha
  1078 | D:2      | Killed Natasha
  1079 | D:2      | Reached skill level 3 in Unarmed Combat
  1441 | D:2      | Reached XP level 4. HP: 35/44 MP: 3/3
  1811 | D:2      | Noticed Natasha
  1821 | D:2      | Killed Natasha
  1853 | D:2      | Found a faded altar of an unknown god.
  2082 | D:3      | You fall into a shaft and drop 1 floor!
  2216 | D:3      | Reached XP level 5. HP: 53/53 MP: 4/4
  2243 | D:3      | Reached skill level 4 in Unarmed Combat
  2519 | D:3      | Identified the +3 hand axe "Allua" {antimagic, Dex+6}
  2762 | D:3      | Noticed Jessica
  2767 | D:3      | Killed Jessica
  2772 | D:3      | Got Jessica's Folio of Transposition
  3338 | D:4      | Reached XP level 6. HP: 57/61 MP: 5/5
  3470 | D:4      | Reached skill level 5 in Unarmed Combat
  3605 | D:4      | Found a runed translucent door.
  3606 | D:4      | Noticed Crazy Yiuf
  3711 | D:4      | Found a staircase to the Ecumenical Temple.
  3722 | Temple   | Entered the Ecumenical Temple
  4284 | D:4      | Killed Crazy Yiuf
  4318 | D:5      | Entered Level 5 of the Dungeon
  4376 | D:5      | Reached XP level 7. HP: 62/68 MP: 6/6
  4434 | D:5      | Reached skill level 6 in Unarmed Combat
  4948 | D:6      | Reached XP level 8. HP: 79/79 MP: 7/7
  4962 | D:6      | Reached skill level 5 in Shields
  4962 | D:6      | Reached skill level 7 in Unarmed Combat
  4987 | D:6      | Found a glowing drain.
  4997 | Sewer    | Entered a sewer
  5392 | D:6      | Found Oluenn's Armour Shop.
  5838 | D:6      | Reached skill level 5 in Fighting
  5875 | D:6      | Reached skill level 8 in Unarmed Combat
  6276 | D:7      | Reached XP level 9. HP: 71/88 MP: 8/8
  6443 | D:7      | Found a shadowy altar of Dithmenos.
  6466 | D:7      | Found Vyufeuhy's Magic Scroll Shop.
  6471 | D:7      | Bought a scroll of magic mapping for 120 gold pieces
  6471 | D:7      | Bought a scroll of fear for 64 gold pieces
  6471 | D:7      | Bought a scroll of identify for 32 gold pieces
  6471 | D:7      | Bought a scroll of identify for 32 gold pieces
  6471 | D:7      | Bought a scroll of summoning for 152 gold pieces
  6620 | D:7      | Reached skill level 9 in Unarmed Combat
  6724 | D:7      | Noticed a troll
  6733 | D:7      | Killed a troll
  6781 | D:7      | Found a stormy altar of Qazlal.
  6921 | D:7      | Found the +3 woodcutter's axe {vorpal}
  7411 | D:8      | Reached skill level 10 in Unarmed Combat
  7443 | D:8      | Noticed a troll
  7455 | D:8      | Killed a troll
  7538 | D:8      | Found a staircase to the Lair.
  7543 | D:8      | HP: 2/89 [electric eel/bolt of electricity (11)]
  7543 | D:8      | Killed from afar by an electric eel

Illustrated notes

Levels and vault maps discovered:
D:1:      ncdulo_lavacross, layout_basic, wander_ebering_terrifying_dragon_lair
D:2:      kb_forest_paths, layout_loops_ring,
          hellmonk_ecumenical_altar_lost_god, serial_glass, glass_columns_b,
          glass_columns_a, glass_columns_c, glass_columns_c, uniq_natasha
D:3:      layout_loops_ring, st_stairs_4, minmay_misc_feat_ornament,
          kennysheep_jessica_study
D:4:      kennysheep_the_goblin_king, layout_loops_ring,
          minmay_temple_entry_trees, uniq_crazy_yiuf_cottage
D:5:      layout_rooms, serial_curves, eino_curves_02, eino_curves_02
D:6:      layout_layer_cave, portal_sewer_entry_e, serial_shops,
          nicolae_shop_trees, serial_glass, glass_columns_c, glass_columns_a,
          minmay_strange_pillars, due_unseen_surprise, minmay_strange_pillars,
          minmay_manual_mullet
D:7:      layout_gridville, mainiacjoe_overflow_cross_hatched,
          mainiacjoe_overflow_alcove_2, serial_shops, shop,
          pf_guarded_unrand_woodcutter
D:8:      layout_loops_corners, erik_lair_island, uniq_maggie
Temple:   mainiacjoe_temple_bowtie_tessellation

Skill      XL: |  1  2  3  4  5  6  7  8  9 |
---------------+----------------------------+-----
Shields        | 3 4 6 |  6.9
Unarmed Combat | 3 4 5 6 8 10 | 10.1
Fighting       | 3 4 5 6 |  6.3
Dodging        | 3 |  3.8

Action                   |  1- 3 |  4- 6 |  7- 9 || total
-------------------------+-------+-------+-------++-------
Melee: Unarmed           |    70 |   204 |   334 ||   608
Throw: Stone             |       |     7 |     7 ||    14
       Dart              |       |     3 |     9 ||    12
Evoke: Wand              |       |       |     1 ||     1
  Use: Scroll            |       |     4 |     7 ||    11
       Potion            |       |       |     2 ||     2
 Stab: Sleeping          |     2 |     1 |       ||     3
Armor: Robe              |     9 |    69 |    89 ||   167
Dodge: Dodged            |    21 |    64 |   118 ||   203
Block: Kite shield       |    22 |    79 |   152 ||   253
